[Event "Titled Tuesday Blitz March 14 Early 2023"]
[White "Lopez Mulet, Inigo"]
[Black "Cherniaiev, Tykhon"]
[WhiteFideId "22235620"]
[BlackFideId "14182360"]
[WhiteElo "2289"]
[BlackElo "2450"]
[Result "1-0"]
[Round "08"]
[TimeControl "180+2"]
[Date "2023.03.14"]
[WhiteClock "0:00:43"]
[BlackClock "0:00:01"]

1. b3 e5 2. Bb2 Nc6 3. g3 Nf6 4. Bg2 d5 5. d3 Bc5 6. e3 O-O 7. Ne2 Be6 8. Nd2 Qd7 9. a3 a5 10. h3 Rfe8 11. Nf3 Bd6 12. Ng5 Bf5 13. g4 Bg6 14. e4 dxe4 15. Nxe4 Nxe4 16. dxe4 Rad8 17. Ng3 Qe7 18. O-O Bxa3 19. Bxa3 Rxd1 20. Bxe7 Rxa1 21. Rxa1 Rxe7 22. Nf5 Rd7 23. Bf1 Bxf5 24. exf5 Rd6 25. Bg2 b6 26. Re1 f6 27. c4 Nd4 28. f4 exf4 29. Re7 f3 30. c5 Ne2+ 31. Kf2 fxg2 32. Rxe2 bxc5 33. Kxg2 c4 34. bxc4 Ra6 35. Ra2 a4 36. Ra3 Kf7 37. Kf3 Ke7 38. Ke4 Kd6 39. Kd4 c5+ 40. Ke4 Kc6 41. h4 Kb6 42. Kd5 Ra8 43. g5 fxg5 44. hxg5 Rf8 45. Ke6 Ka5 46. f6 gxf6 47. gxf6 Kb4 48. Ra1 a3 49. Ke7 Ra8 50. f7 Kxc4 51. Rxa3 Rxa3 52. f8=Q Rd3 53. Qf7+ Kc3 54. Qxh7 c4 55. Ke6 Rd2 56. Ke5 Kb2 57. Qb7+ Kc2 58. Ke4 c3 59. Qb5 Kc1 60. Ke3 c2 61. Qa5 1-0


[Site "https://www.chess.com"]

[Event "Titled Tuesday Blitz March 14 Early 2023"]
[White "De Silva, L M S T"]
[Black "Domingo Nunez, Alejandro"]
[WhiteFideId "9953698"]
[BlackFideId "22245561"]
[WhiteElo "2403"]
[BlackElo "2230"]
[Result "1-0"]
[Round "08"]
[TimeControl "180+2"]
[Date "2023.03.14"]
[WhiteClock "0:00:37"]
[BlackClock "0:00:04"]

1. c4 g6 2. Nc3 Bg7 3. Nf3 d6 4. e4 Nf6 5. g3 O-O 6. Bg2 c5 7. O-O Nbd7 8. d3 Rb8 9. Ne1 a6 10. a4 Ne8 11. Nc2 Nc7 12. a5 Ne6 13. f4 b5 14. axb6 Nxb6 15. f5 Nd4 16. Nxd4 cxd4 17. Ne2 Nd7 18. g4 Nc5 19. Nf4 e6 20. fxe6 fxe6 21. h3 Qh4 22. Ra3 Be5 23. Qc2 Rb7 24. Bd2 Rbf7 25. b4 Nb7 26. Qc1 g5 27. Nh5 Rxf1+ 28. Qxf1 Rxf1+ 29. Kxf1 Nd8 30. Be1 Qxe1+ 31. Kxe1 Nc6 32. b5 axb5 33. cxb5 Ne7 34. b6 Kf7 35. Ra7 d5 36. exd5 exd5 37. b7 Bxb7 38. Rxb7 Ke6 1-0


[Site "https://www.chess.com"]

[Event "Titled Tuesday Blitz March 14 Early 2023"]
[White "Safin, Robert"]
[Black "Samant Aditya S"]
[WhiteFideId "34189120"]
[BlackFideId "35080580"]
[WhiteElo "2245"]
[BlackElo "2362"]
[Result "0-1"]
[Round "08"]
[TimeControl "180+2"]
[Date "2023.03.14"]
[WhiteClock "0:00:23"]
[BlackClock "0:00:39"]

1. e4 c5 2. c3 d5 3. exd5 Qxd5 4. d4 Nc6 5. Nf3 Bf5 6. Be3 Nf6 7. Qb3 Qxb3 8. axb3 cxd4 9. Nxd4 Nxd4 10. Bxd4 a6 11. b4 Nd7 12. Nd2 e5 13. Be3 Be6 14. Bc4 Bxc4 15. Nxc4 Rc8 16. Na5 Rc7 17. Ke2 Bd6 18. Rhd1 Ke7 19. Rd5 Ke6 20. Rad1 Be7 21. f3 h5 22. h3 g5 23. Bxg5 Bxg5 24. Rxd7 Rxd7 0-1


[Site "https://www.chess.com"]

[Event "Titled Tuesday Blitz March 14 Early 2023"]
[White "Starozhilov, Leonid"]
[Black "Yurovskykh, Oleksandr"]
[WhiteFideId "14106752"]
[BlackFideId "14134020"]
[WhiteElo "2402"]
[BlackElo "2268"]
[Result "0-1"]
[Round "08"]
[TimeControl "180+2"]
[Date "2023.03.14"]
[WhiteClock "0:00:10"]
[BlackClock "0:00:24"]

1. e4 d5 2. Nc3 d4 3. Nce2 e5 4. Nf3 f6 5. Ng3 Be6 6. Bb5+ c6 7. Ba4 Na6 8. Bb3 Bxb3 9. axb3 d3 10. c3 g6 11. O-O h5 12. Re1 h4 13. Nf1 h3 14. g3 Bh6 15. Ne3 Ne7 16. b4 Qd7 17. Qb3 Nc7 18. c4 a6 19. Rd1 Ne6 20. Ra3 Rd8 21. Ne1 Ng5 22. f3 O-O 23. c5+ Kg7 24. Kf2 Ne6 25. Qxd3 Nd4 26. Nc4 f5 27. Nd6 Nc8 28. Nxc8 Qxc8 29. Kg1 Qe6 30. Rc3 Rf7 31. Qc4 Qxc4 32. Rxc4 fxe4 33. d3 Bxc1 34. Rcxc1 Ne2+ 35. Kf2 Nxc1 36. Rxc1 exd3 37. Rd1 e4 38. Ke3 exf3 39. Nxd3 Re8+ 40. Kd4 Rd7+ 41. Kc3 Red8 42. Kc2 g5 43. Nf2 Rxd1 44. Nxd1 Rxd1 45. Kxd1 g4 46. Ke1 Kf6 47. Kf2 Ke5 48. Ke3 Kd5 49. b3 Ke5 50. Kd3 f2 51. Ke2 Ke4 52. Kxf2 Kd3 53. Ke1 Kc3 54. Ke2 Kxb3 55. Ke3 Kxb4 56. Kf4 a5 57. Kxg4 a4 58. Kxh3 a3 59. g4 a2 0-1


[Site "https://www.chess.com"]

[Event "Titled Tuesday Blitz March 14 Early 2023"]
[White "Chen, Justin"]
[Black "Degenbaev, Aziz"]
[WhiteFideId "2098199"]
[BlackFideId "13802640"]
[WhiteElo "2289"]
[BlackElo "2152"]
[Result "1-0"]
[Round "08"]
[TimeControl "180+2"]
[Date "2023.03.14"]
[WhiteClock "0:00:04"]
[BlackClock "0:00:01"]

1. Nf3 Nf6 2. b3 g6 3. Bb2 Bg7 4. g3 c5 5. Bg2 d5 6. O-O O-O 7. e3 Nc6 8. Ne5 Qc7 9. Nxc6 bxc6 10. d3 a5 11. Nd2 a4 12. Nf3 a3 13. Be5 Qa5 14. Qd2 Qxd2 15. Nxd2 Rd8 16. Rfe1 Be6 17. e4 Rac8 18. Rad1 Nd7 19. Bxg7 Kxg7 20. f4 Nb8 21. f5 gxf5 22. exf5 Bxf5 23. Rxe7 Na6 24. Rf1 Bg6 25. Nf3 Re8 26. Ra7 Ra8 27. Rb7 Nb4 28. Ng5 Rab8 29. Ra7 Ra8 30. Rb7 Reb8 31. Rd7 Nxc2 32. Nxf7 Ne3 33. Ne5+ Kg8 34. Rf6 Be8 35. Re7 Nxg2 36. Kxg2 c4 37. dxc4 dxc4 38. Nxc4 Bg6 39. Rd6 Re8 40. Rxe8+ Rxe8 41. Rd2 Be4+ 42. Kh3 Bd5 43. Nxa3 Re1 44. Kg4 Rh1 45. Kf4 Kg7 46. Nc4 Kg6 47. Ne3 Bf7 48. Ng4 1-0


[Site "https://www.chess.com"]

[Event "Titled Tuesday Blitz March 14 Early 2023"]
[White "Rodchenkov, Sergey D."]
[Black "Shuvalova, Polina"]
[WhiteFideId "4168712"]
[BlackFideId "24171760"]
[WhiteElo "2277"]
[BlackElo "2297"]
[Result "0-1"]
[Round "08"]
[TimeControl "180+2"]
[Date "2023.03.14"]
[WhiteClock "0:00:11"]
[BlackClock "0:01:12"]

1. e4 c6 2. d4 d5 3. exd5 cxd5 4. Bd3 Nc6 5. c3 Nf6 6. h3 e5 7. dxe5 Nxe5 8. Nf3 Nxd3+ 9. Qxd3 Bd6 10. O-O O-O 11. Be3 Re8 12. Nbd2 Bc7 13. Rfd1 Qd6 14. Nf1 Be6 15. Bd4 Ne4 16. Be5 Qb6 17. Qd4 Qxd4 18. Bxd4 f6 19. Ne3 Red8 20. a4 a5 21. Nd2 Kf7 22. Nb3 h5 23. Nd2 Rab8 24. Ba7 Rbc8 25. Bd4 h4 26. Nb3 Rb8 27. Ba7 Rbc8 28. Bd4 b6 29. Rd3 Rb8 30. f3 Nd6 31. Rad1 Nc4 32. Rb1 Bf4 33. Nd2 Bxe3+ 34. Bxe3 Bf5 0-1


[Site "https://www.chess.com"]

[Event "Titled Tuesday Blitz March 14 Early 2023"]
[White "Weetik, Vjacheslav"]
[Black "Bruedigam, Martin"]
[WhiteFideId "4153472"]
[BlackFideId "24608033"]
[WhiteElo "2469"]
[BlackElo "2331"]
[Result "1-0"]
[Round "08"]
[TimeControl "180+2"]
[Date "2023.03.14"]
[WhiteClock "0:00:41"]
[BlackClock "0:01:04"]

1. d4 Nf6 2. Bf4 d5 3. e3 c6 4. Bd3 Bg4 5. f3 Bh5 6. Nc3 Bg6 7. Nge2 Bxd3 8. cxd3 e6 9. e4 Nbd7 10. Qd2 Qb6 11. O-O-O Bb4 12. Kb1 Bxc3 13. Qxc3 c5 14. Rc1 Rc8 15. Be3 c4 16. Qa3 a5 17. Bd2 a4 18. Nc3 cxd3 19. Nxd5 Qd8 1-0


[Site "https://www.chess.com"]

[Event "Titled Tuesday Blitz March 14 Early 2023"]
[White "Kim, Sergey"]
[Black "Jovic, Stanoje"]
[WhiteFideId "13700570"]
[BlackFideId "905020"]
[WhiteElo "2622"]
[BlackElo "2236"]
[Result "0-1"]
[Round "08"]
[TimeControl "180+2"]
[Date "2023.03.14"]
[WhiteClock "0:00:06"]
[BlackClock "0:00:57"]

1. d4 Nf6 2. c4 e6 3. Nc3 Bb4 4. Qc2 O-O 5. a3 Bxc3+ 6. Qxc3 d5 7. Nf3 a6 8. g3 dxc4 9. Qxc4 b5 10. Qc2 Bb7 11. Bg2 Nbd7 12. O-O Rc8 13. b4 Nb6 14. Bg5 Nc4 15. Rfd1 h6 16. Bf4 Be4 17. Qc1 Nd5 18. Bd2 Qf6 19. Be1 Rfd8 20. a4 c6 21. Bc3 g5 22. Ne5 Bxg2 23. Kxg2 Nxc3 24. Qxc3 Nxe5 25. dxe5 Qe7 26. Rd4 Rxd4 27. Qxd4 c5 28. bxc5 Qxc5 29. Qe4 Qd5 30. Qxd5 exd5 31. axb5 axb5 32. Rb1 Rb8 33. Rb4 Kf8 34. Kf3 Ke7 35. e4 Ke6 36. exd5+ Kxd5 37. Ke3 Kxe5 38. g4 Kd5 39. Kd3 Kc5 40. Kc3 Ra8 41. Re4 Ra3+ 42. Kd2 Rf3 43. Ke2 Rf4 44. Re7 b4 45. Rc7+ Kd4 46. Rc6 b3 47. Rxh6 b2 48. Rb6 Kc3 49. Ke1 Rb4 50. Rc6+ Kb3 0-1


[Site "https://www.chess.com"]

[Event "Titled Tuesday Blitz March 14 Early 2023"]
[White "Vokhidov, Shamsiddin"]
[Black "Jeet, Jain"]
[WhiteFideId "14204223"]
[BlackFideId "5073022"]
[WhiteElo "2570"]
[BlackElo "2067"]
[Result "1-0"]
[Round "08"]
[TimeControl "180+2"]
[Date "2023.03.14"]
[WhiteClock "0:01:58"]
[BlackClock "0:01:51"]

1. e4 c6 2. Nc3 d5 3. Nf3 Bg4 4. h3 Bxf3 5. Qxf3 d4 6. Bc4 Nf6 7. e5 dxc3 8. exf6 exf6 9. dxc3 Bd6 10. Be3 O-O 11. O-O-O Qc7 12. Rd2 b5 13. Bd3 Nd7 14. Bxh7+ Kxh7 15. Rhd1 Ne5 16. Qe4+ f5 17. Qh4+ Kg8 18. Rxd6 Nc4 19. Rd7 Qa5 20. a3 Nxe3 21. fxe3 Rae8 22. Qf4 g6 23. R1d6 Qb6 24. Qd4 Rxe3 25. Rxg6+ 1-0


[Site "https://www.chess.com"]

[Event "Titled Tuesday Blitz March 14 Early 2023"]
[White "Skatchkov, Pavel"]
[Black "Hambleton, Aman"]
[WhiteFideId "4121848"]
[BlackFideId "2606577"]
[WhiteElo "2476"]
[BlackElo "2511"]
[Result "0-1"]
[Round "08"]
[TimeControl "180+2"]
[Date "2023.03.14"]
[WhiteClock "0:01:24"]
[BlackClock "0:00:28"]

1. d4 e5 2. dxe5 Nc6 3. Nf3 Qe7 4. Bf4 Qb4+ 5. Bd2 Qxb2 6. Bc3 Bb4 7. Bxb4 Nxb4 8. Nd4 Qxd4 9. Qxd4 Nxc2+ 10. Kd2 Nxd4 11. e3 Nc6 12. f4 f6 13. Nc3 fxe5 14. Bc4 Nf6 15. Rhf1 d6 16. g4 Bxg4 17. Rab1 O-O-O 18. f5 d5 19. Bb5 d4 20. Na4 dxe3+ 21. Kxe3 Nd4 22. Bc4 Nxf5+ 23. Kf2 Ne4+ 24. Ke1 Ne3 25. Rg1 Nc2+ 26. Kf1 Rhf8+ 27. Kg2 Ne3+ 28. Kh1 Nf2# 0-1


[Site "https://www.chess.com"]

[Event "Titled Tuesday Blitz March 14 Early 2023"]
[White "Garakov, Mikhael"]
[Black "Santos Ruiz, Miguel"]
[WhiteFideId "4169034"]
[BlackFideId "22291482"]
[WhiteElo "2347"]
[BlackElo "2504"]
[Result "0-1"]
[Round "08"]
[TimeControl "180+2"]
[Date "2023.03.14"]
[WhiteClock "0:00:15"]
[BlackClock "0:00:49"]

1. e4 c5 2. Nf3 Qc7 3. Nc3 e6 4. Be2 a6 5. O-O b5 6. d4 cxd4 7. Nxd4 Bb7 8. Bf3 Nc6 9. Nxc6 Bxc6 10. Re1 Ne7 11. Nd5 Qb7 12. Bf4 Rc8 13. Bd6 Ng6 14. Bxf8 Rxf8 15. a4 bxa4 16. Qd4 f6 17. Nb6 Rb8 18. Nc4 Qc7 19. Nd6+ Ke7 20. Rad1 Qb6 21. Qd2 Ne5 22. Be2 Qc5 23. c3 Rb3 24. Kh1 Qxf2 25. Bxa6 Qxd2 26. Rxd2 Rfb8 27. Ree2 a3 0-1


[Site "https://www.chess.com"]

[Event "Titled Tuesday Blitz March 14 Early 2023"]
[White "Manukyan, Sargis V."]
[Black "Krysa, Leandro"]
[WhiteFideId "13303465"]
[BlackFideId "116807"]
[WhiteElo "2236"]
[BlackElo "2485"]
[Result "0-1"]
[Round "08"]
[TimeControl "180+2"]
[Date "2023.03.14"]
[WhiteClock "0:01:06"]
[BlackClock "0:02:09"]

1. Nf3 Nf6 2. c4 c5 3. g3 d5 4. Bg2 d4 5. O-O Nc6 6. e3 e5 7. exd4 exd4 8. Re1+ Be7 9. d3 O-O 10. Bg5 h6 11. Bxf6 Bxf6 12. Nbd2 Rb8 13. a3 a5 14. Rb1 Bf5 15. Ne4 Be7 16. h3 Qd7 17. g4 Bh7 18. Ng3 Rfe8 19. Qc2 Bd6 20. Nd2 Bxg3 21. fxg3 Re3 22. Ne4 Bxe4 23. Rxe3 Bxg2 24. Kxg2 dxe3 25. Re1 Nd4 26. Qc1 Qc6+ 27. Kh2 Nf3+ 0-1


[Site "https://www.chess.com"]

[Event "Titled Tuesday Blitz March 14 Early 2023"]
[White "Buksa, Nataliya"]
[Black "Kvaloy, Aksel Bu"]
[WhiteFideId "14123622"]
[BlackFideId "1528815"]
[WhiteElo "2316"]
[BlackElo "2208"]
[Result "1-0"]
[Round "08"]
[TimeControl "180+2"]
[Date "2023.03.14"]
[WhiteClock "0:01:23"]
[BlackClock "0:02:06"]

1. d4 Nf6 2. Nc3 d5 3. Bf4 e6 4. e3 Bb4 5. Bd3 c5 6. dxc5 Nbd7 7. Ne2 Nxc5 8. O-O O-O 9. a3 Bxc3 10. Nxc3 Bd7 11. Be2 Bc6 12. b4 Ncd7 13. b5 e5 14. bxc6 bxc6 15. Bg5 h6 16. Bxf6 Nxf6 17. Qd3 Qa5 18. Na2 Rab8 19. Nb4 Qc5 20. Na6 Qb6 21. Nxb8 Rxb8 22. h3 e4 23. Qd4 c5 24. Qe5 Re8 25. Qf5 Qb2 26. Rab1 Qxc2 27. Bb5 Rd8 28. Rbc1 Qb2 29. Rxc5 Qxa3 30. Rc8 Rxc8 31. Qxc8+ Kh7 32. Qa6 Qc5 33. Be2 d4 34. Qc4 Qxc4 35. Bxc4 d3 36. f3 d2 37. Rd1 1-0


[Site "https://www.chess.com"]

[Event "Titled Tuesday Blitz March 14 Early 2023"]
[White "Tan, Zhongyi"]
[Black "Turzo, Attila"]
[WhiteFideId "8603642"]
[BlackFideId "704954"]
[WhiteElo "2519"]
[BlackElo "2523"]
[Result "1-0"]
[Round "08"]
[TimeControl "180+2"]
[Date "2023.03.14"]
[WhiteClock "0:00:11"]
[BlackClock "0:00:06"]

1. d4 Nf6 2. c4 c5 3. d5 b5 4. cxb5 a6 5. bxa6 g6 6. Nc3 Bg7 7. e4 O-O 8. a7 Rxa7 9. Nf3 d6 10. Be2 Ba6 11. O-O Nbd7 12. a4 Ng4 13. Bf4 Nge5 14. Nxe5 Nxe5 15. Bxa6 Rxa6 16. Qe2 Qa5 17. Nb5 Rb8 18. Bd2 Qb6 19. Bc3 Rba8 20. b3 c4 21. Bd4 Qb7 22. f4 Nd3 23. bxc4 Nc5 24. e5 Nb3 25. Rab1 Nxd4 26. Nxd4 Rb6 27. Nb5 Rxa4 28. exd6 exd6 29. Qe8+ Bf8 30. Nxd6 Qa7 31. Rxb6 Qxb6+ 32. Kh1 Qxd6 33. Qxa4 Qc5 34. h3 h5 35. Qc6 Qb4 36. Qc8 Kg7 37. f5 h4 38. fxg6 Kxg6 39. Qf5+ Kh6 40. Qf6+ Kh7 41. Qxf7+ Bg7 42. Qh5+ Kg8 43. Qe8+ Kh7 44. Qe4+ Kg8 45. Qxh4 Qd6 46. Qg4 Kh7 47. Qf5+ Kg8 48. Qe6+ 1-0


[Site "https://www.chess.com"]

[Event "Titled Tuesday Blitz March 14 Early 2023"]
[White "Matinian, Nikita"]
[Black "Rom, Jasper"]
[WhiteFideId "24129100"]
[BlackFideId "2023733"]
[WhiteElo "2422"]
[BlackElo "2233"]
[Result "1-0"]
[Round "08"]
[TimeControl "180+2"]
[Date "2023.03.14"]
[WhiteClock "0:00:39"]
[BlackClock "0:00:03"]

1. e4 e6 2. d4 d5 3. Nc3 Nf6 4. e5 Nfd7 5. f4 c5 6. Nf3 Nc6 7. Be3 Be7 8. Qd2 O-O 9. dxc5 Qa5 10. O-O-O b6 11. Bb5 Bb7 12. Bxc6 Bxc6 13. Nd4 Rfc8 14. Kb1 Bb7 15. c6 Bxc6 16. h4 Bb7 17. Rh3 Bb4 18. Nb3 Bxc3 19. Nxa5 Bxd2 20. Nxb7 Bb4 21. h5 Rab8 22. Nd6 Bxd6 23. exd6 Rc6 24. h6 g6 25. f5 Rxd6 26. fxe6 fxe6 27. c4 Rf8 28. Bg5 Nc5 29. Be7 Rd7 30. Bxf8 Kxf8 31. Rf3+ Ke7 32. cxd5 exd5 33. Rdf1 Ke6 34. Rf6+ Ke5 35. Rf7 Ke6 36. Rxd7 Ke5 37. Rxh7 1-0


[Site "https://www.chess.com"]

[Event "Titled Tuesday Blitz March 14 Early 2023"]
[White "Pham, Le Thao Nguyen"]
[Black "Al-Tarboush, Ward"]
[WhiteFideId "12401226"]
[BlackFideId "7601450"]
[WhiteElo "2282"]
[BlackElo "2257"]
[Result "0-1"]
[Round "08"]
[TimeControl "180+2"]
[Date "2023.03.14"]
[WhiteClock "0:00:11"]
[BlackClock "0:01:01"]

1. Nf3 d5 2. d4 Nf6 3. c4 c6 4. Nc3 dxc4 5. a4 Bf5 6. Ne5 Nbd7 7. Nxc4 Nb6 8. Ne5 a5 9. f3 Nfd7 10. e4 Nxe5 11. exf5 Ned7 12. d5 cxd5 13. Nxd5 e6 14. fxe6 fxe6 15. Nxb6 Bb4+ 16. Bd2 Qxb6 17. Bb5 Qe3+ 18. Kf1 Bxd2 19. Ra3 Qg5 20. Bxd7+ Kxd7 21. Rd3+ Ke7 22. Qxd2 Qxd2 23. Rxd2 Rhd8 24. Ke2 Rac8 25. Rhd1 Rxd2+ 26. Rxd2 Rc4 27. b3 Rc3 28. Rd3 Rc2+ 29. Rd2 Rxd2+ 30. Kxd2 Kd6 31. f4 e5 32. f5 e4 33. Ke3 Ke5 34. g4 h5 35. h3 hxg4 36. hxg4 b6 37. Kd2 Kf4 38. Kc3 Kxg4 0-1


[Site "https://www.chess.com"]

[Event "Titled Tuesday Blitz March 14 Early 2023"]
[White "aidenzhouu"]
[Black "Gontcharov, Vladislav"]
[BlackFideId "4123492"]
[WhiteElo "2429"]
[BlackElo "2470"]
[Result "0-1"]
[Round "08"]
[TimeControl "180+2"]
[Date "2023.03.14"]
[WhiteClock "0:00:06"]
[BlackClock "0:00:15"]

1. d4 Nf6 2. c4 e6 3. Nf3 b6 4. g3 Ba6 5. Qc2 c6 6. e4 d5 7. cxd5 Bxf1 8. Kxf1 cxd5 9. e5 Ne4 10. Nbd2 Nxd2+ 11. Bxd2 Be7 12. h4 O-O 13. Ng5 g6 14. Kg2 Nd7 15. Qd3 h6 16. Nxe6 fxe6 17. Qxg6+ Kh8 18. Qxh6+ Kg8 19. Qxe6+ Rf7 20. Qxd5 Nf8 21. Qxd8 Rxd8 22. Be3 Ne6 23. Rhd1 Rd5 24. Rac1 Bf8 25. f4 Rfd7 26. Rc6 Nxd4 27. Bxd4 Rxd4 28. Rxd4 Rxd4 29. Rc7 Rd2+ 30. Kh3 Rxb2 31. Rxa7 b5 32. Rb7 b4 33. Ra7 Re2 34. h5 Re1 35. Kg4 Re3 36. Kh4 Rf3 37. e6 Re3 38. f5 Bg7 39. g4 Bf6+ 40. g5 Re4+ 41. Kg3 Bxg5 42. Ra4 Re3+ 43. Kg4 Be7 44. Ra7 Bf8 45. f6 Rxe6 46. Kf5 Re2 47. Kg6 Rg2+ 48. Kf5 Bh6 49. Rb7 Bd2 50. Ke6 Re2+ 51. Kf5 Bc3 52. Ra7 Rf2+ 53. Kg5 Rxf6 54. Ra8+ Kh7 55. Ra7+ Kg8 56. h6 Rf8 57. Rb7 Rc8 58. Kg6 Rc6+ 59. Kg5 Bd2+ 60. Kf5 Rxh6 61. Ke4 Bc3 62. Kd3 Rh3+ 63. Kc4 Kf8 64. Ra7 Bd2 65. a3 bxa3 66. Ra8+ Ke7 67. Ra7+ Kd6 68. Ra6+ Kc7 69. Ra4 0-1


[Site "https://www.chess.com"]

[Event "Titled Tuesday Blitz March 14 Early 2023"]
[White "Dzhumagaliev, Yan"]
[Black "Akhmedinov, Satbek"]
[WhiteFideId "24100110"]
[BlackFideId "13714287"]
[WhiteElo "2476"]
[BlackElo "2090"]
[Result "1-0"]
[Round "08"]
[TimeControl "180+2"]
[Date "2023.03.14"]
[WhiteClock "0:01:00"]
[BlackClock "0:00:02"]

1. Nf3 Nf6 2. h4 g6 3. d4 Bg7 4. c4 c6 5. Nc3 d5 6. Bg5 Ne4 7. e3 h6 8. Bf4 Nxc3 9. bxc3 Qa5 10. Qb3 Nd7 11. Be2 O-O 12. h5 g5 13. Bg3 dxc4 14. Bxc4 b5 15. Bd3 Rd8 16. O-O Nc5 17. Qc2 Nxd3 18. Qxd3 c5 19. Qe4 Be6 20. Ne5 Bxe5 21. Bxe5 Bd5 22. Qg4 Qxc3 23. Rfc1 Qd3 24. Rxc5 Be6 25. Qf3 Rac8 26. Bc7 Rd7 27. Qb7 Rf8 28. Qxa7 Bd5 29. Re1 Qd2 30. Rec1 Qxa2 31. Qxa2 Bxa2 32. Rxb5 Rc8 33. Rbc5 Be6 34. f3 f6 35. Kf2 Kf7 36. g4 Ra8 37. Ba5 Rda7 38. Ra1 Bd7 39. d5 f5 40. gxf5 Bxf5 41. e4 Bc8 42. Ke3 g4 43. e5 gxf3 44. e6+ Kg8 45. Rg1+ Kf8 46. Bc3 Ra3 47. Kxf3 Bb7 48. Ke4 R8a4+ 49. Kf5 Ra2 50. Kg6 Rh2 51. Rb5 1-0


[Site "https://www.chess.com"]

[Event "Titled Tuesday Blitz March 14 Early 2023"]
[White "Skvortsov, Andrei"]
[Black "Begunov, Konstantin"]
[WhiteFideId "24108600"]
[BlackFideId "4118510"]
[WhiteElo "2259"]
[BlackElo "2079"]
[Result "1-0"]
[Round "08"]
[TimeControl "180+2"]
[Date "2023.03.14"]
[WhiteClock "0:01:19"]
[BlackClock "0:00:43"]

1. Nf3 d5 2. g3 c6 3. Bg2 Bg4 4. Ne5 Bh5 5. O-O Nd7 6. d4 Nxe5 7. dxe5 e6 8. c4 dxc4 9. Qc2 Qd4 10. Bf4 Bc5 11. Nc3 Bg6 12. Qa4 Bb6 13. Bxc6+ Kf8 14. Rad1 Qc5 15. Bxb7 Rb8 16. Rd7 Ne7 17. Be3 Qa5 18. Qxa5 Bxa5 19. Bxa7 Rd8 20. Rfd1 Ke8 21. Rxd8+ Bxd8 22. Nb5 Nf5 23. Bc6+ Ke7 24. Bc5+ 1-0


[Site "https://www.chess.com"]

[Event "Titled Tuesday Blitz March 14 Early 2023"]
[White "Staudenhocker43"]
[Black "Aradhya, Garg"]
[BlackFideId "25006746"]
[WhiteElo "2420"]
[BlackElo "2263"]
[Result "1/2-1/2"]
[Round "08"]
[TimeControl "180+2"]
[Date "2023.03.14"]
[WhiteClock "0:00:23"]
[BlackClock "0:01:23"]

1. e4 e5 2. Nf3 Nc6 3. Nc3 Nf6 4. d4 Bb4 5. Nxe5 Qe7 6. Qd3 Nxe5 7. dxe5 Qxe5 8. Bd2 O-O 9. O-O-O Bxc3 10. Bxc3 Qxe4 11. Qg3 Qg6 12. Qxc7 Ne4 13. Bd4 d5 14. Qf4 Be6 15. f3 Nf6 16. Bd3 Nh5 17. Qh4 Qh6+ 18. Kb1 Nf4 19. Qxh6 gxh6 20. Bf1 Rfc8 21. Be3 Bf5 22. Rd2 Ne6 23. g4 Bg6 24. Bd3 h5 25. Bxg6 hxg6 26. gxh5 Rd8 27. hxg6 fxg6 28. Rhd1 Kf7 29. Rxd5 Rxd5 30. Rxd5 Ke7 31. Kc1 b6 32. Rd2 Rf8 33. Rf2 Kf6 34. c4 Rc8 35. Rc2 Ke5 36. Kd2 Nd4 37. Bxd4+ Kxd4 38. b3 g5 39. Rc1 Rh8 40. Rh1 Rh3 41. Ke2 Kc3 42. Kf2 Kb2 43. Kg2 Rh4 44. Re1 Kxa2 45. Re7 Kxb3 46. Rxa7 Kxc4 47. Rg7 Rh5 48. Kg3 b5 49. Rc7+ Kd4 50. Kg4 Rxh2 51. Kxg5 b4 52. Rb7 Kc4 53. f4 b3 54. f5 Rg2+ 55. Kh6 Rh2+ 56. Kg7 Rg2+ 57. Kh7 Rf2 58. Kg6 Rg2+ 59. Kh6 Rf2 60. Kg6 Rg2+ 61. Kh6 1/2-1/2


[Site "https://www.chess.com"]

[Event "Titled Tuesday Blitz March 14 Early 2023"]
[White "Leve, Nitai"]
[Black "Fiorito, Francisco"]
[WhiteFideId "2006898"]
[BlackFideId "180165"]
[WhiteElo "2144"]
[BlackElo "2341"]
[Result "0-1"]
[Round "08"]
[TimeControl "180+2"]
[Date "2023.03.14"]
[WhiteClock "0:00:02"]
[BlackClock "0:00:52"]

1. e4 c5 2. Nf3 Nc6 3. d4 cxd4 4. Nxd4 g6 5. Nc3 Bg7 6. Be3 Nf6 7. Be2 O-O 8. f4 d6 9. Nb3 a5 10. a4 Be6 11. g4 Rc8 12. g5 Ne8 13. h4 Nb4 14. h5 Qc7 15. hxg6 fxg6 16. Nd4 Bc4 17. Bg4 Bxd4 18. Bxd4 Rxf4 19. Rxh7 Kxh7 20. Qd2 Rxg4 21. Qh2+ Kg8 22. O-O-O Kf7 0-1


[Site "https://www.chess.com"]

[Event "Titled Tuesday Blitz March 14 Early 2023"]
[White "Valle Maytin, Luis Enrique"]
[Black "Shapiro, Viktor"]
[WhiteFideId "3503666"]
[BlackFideId "4175700"]
[WhiteElo "2225"]
[BlackElo "2152"]
[Result "1-0"]
[Round "08"]
[TimeControl "180+2"]
[Date "2023.03.14"]
[WhiteClock "0:00:26"]
[BlackClock "0:00:10"]

1. e4 Nf6 2. e5 Nd5 3. c4 Nb6 4. d4 d6 5. exd6 cxd6 6. Nc3 g6 7. Be3 Bg7 8. Rc1 O-O 9. Nf3 Bg4 10. b3 Nc6 11. Be2 d5 12. c5 Nc8 13. O-O Bxf3 14. Bxf3 e6 15. a3 N8e7 16. b4 Nf5 17. Ne2 Qh4 18. g3 Nxe3 19. fxe3 Qg5 20. Rc3 Rad8 21. Bg2 h5 22. h4 Qe7 23. Kh2 Qc7 24. Nf4 Ne7 25. Qc2 Nf5 26. Bh3 Rfe8 27. Bxf5 exf5 28. Qb3 Re4 29. Kg2 Qd7 30. b5 Ree8 31. c6 bxc6 32. bxc6 Qe7 33. c7 Rc8 34. Rfc1 Qe4+ 35. Kh2 Bf8 36. Qxd5 Qe7 37. Qc6 Kh7 38. Nd5 Qe6 39. Nf6+ Kg7 40. Nxe8+ Qxe8 41. Qxe8 Rxe8 42. c8=Q Rxc8 43. Rxc8 1-0


[Site "https://www.chess.com"]

[Event "Titled Tuesday Blitz March 14 Early 2023"]
[White "Tarasova, Viktoriya"]
[Black "Tokhirjonova, Gulrukhbegim"]
[WhiteFideId "4175840"]
[BlackFideId "14203626"]
[WhiteElo "2182"]
[BlackElo "2268"]
[Result "1-0"]
[Round "08"]
[TimeControl "180+2"]
[Date "2023.03.14"]
[WhiteClock "0:00:06"]
[BlackClock "0:00:01"]

1. d4 Nf6 2. c4 g6 3. Nc3 d5 4. cxd5 Nxd5 5. g3 Bg7 6. Bg2 Nxc3 7. bxc3 c5 8. e3 O-O 9. Ne2 Nc6 10. O-O cxd4 11. cxd4 Bf5 12. Bd2 Rc8 13. Nf4 e5 14. dxe5 Nxe5 15. Bxb7 Rb8 16. Bg2 Nc4 17. Nd5 Be6 18. Bb4 Nb2 19. Ne7+ Kh8 20. Qxd8 Rbxd8 21. Nc6 Nd3 22. Bxf8 Rxf8 23. Rad1 Nb2 24. Rc1 a6 25. a3 Nc4 26. a4 h5 27. Nd4 Nd2 28. Nxe6 fxe6 29. Rfd1 Nb3 30. Rc7 a5 31. Rdd7 Bf6 32. Rf7 Rxf7 33. Rxf7 Bc3 34. Rc7 Bb4 35. Bh3 Nc5 36. Kg2 g5 37. f3 Kg8 38. Kf2 e5 39. Bf5 Kf8 40. Bc2 g4 41. Rh7 gxf3 42. Kxf3 e4+ 43. Kf2 Ke8 44. Rxh5 Kd7 45. Rh6 Ne6 46. h4 Bf8 47. Rh7+ Kd6 48. g4 Ke5 49. g5 Bb4 50. Rf7 Bc5 51. g6 Bf8 52. h5 Bh6 53. Re7 1-0


[Site "https://www.chess.com"]

[Event "Titled Tuesday Blitz March 14 Early 2023"]
[White "Karttunen, Mika"]
[Black "Mirzanurov, Bulat"]
[WhiteFideId "502081"]
[BlackFideId "4184521"]
[WhiteElo "2396"]
[BlackElo "2019"]
[Result "1-0"]
[Round "08"]
[TimeControl "180+2"]
[Date "2023.03.14"]
[WhiteClock "0:00:05"]
[BlackClock "0:00:01"]

1. e4 c5 2. Nf3 d6 3. d4 cxd4 4. Nxd4 Nf6 5. Nc3 a6 6. Bg5 e6 7. f4 h6 8. Bh4 Qb6 9. Qd2 Qxb2 10. Rb1 Qa3 11. e5 Nfd7 12. Be2 Be7 13. Bxe7 Kxe7 14. exd6+ Qxd6 15. Ne4 Qa3 16. Rb3 Qxa2 17. Qb4+ Kd8 18. O-O a5 19. Qd6 a4 20. Rb5 Ra6 21. Qb4 Nc6 22. Qc3 Nxd4 23. Qxd4 Qxc2 24. Bd3 Qc6 25. Qxg7 Re8 26. Qxh6 a3 27. Qg5+ Kc7 28. Ra1 a2 29. Rb2 Kb8 30. Qg3 Ka8 31. Qf2 Nb6 32. Rbxa2 Rxa2 33. Qxa2+ Kb8 34. Qa7+ Kc7 35. Qa3 Rd8 36. Rc1 Rxd3 37. Rxc6+ bxc6 38. Qxd3 Nd5 39. Qa3 Bd7 40. Qd6+ Kc8 41. Nc5 Be8 42. Qf8 Kd8 43. h4 Nc7 44. Qd6+ Kc8 45. Qf8 Kd8 46. h5 1-0


[Site "https://www.chess.com"]